 Dungeon Crawl Stone Soup version 0.31-a0-188-g5e087ee2ca (webtiles) character file.

Game seed: 13327702875107562092

107 qw the Skirmisher (level 4, 0/25 HPs)
             Began as a Deep Elf Hunter on June 23, 2023.
             Slain by a gnoll
             ... wielding a +0 spear
              (5 damage)
             ... on level 2 of the Dungeon.
             The game lasted 00:00:39 (1238 turns).

qw the Skirmisher (Deep Elf Hunter)                 Turns: 1238, Time: 00:00:39

Health: 0/25       AC:  7    Str: 10    XL:     4   Next: 57%
Magic:  6/6        EV: 11    Int: 14    God:
Gold:   65         SH:  5    Dex: 18    Spells: 3/3 levels left

rFire   . . .        Y - +2 shortbow
rCold   . . .        (shield currently unavailable)
rNeg    . . .        h - +0 ring mail
rPois   .            (no helmet)
rElec   .            (no cloak)
rCorr   .            f - +0 pair of gloves
SInv    .            g - +0 pair of boots
Will    .....        d - amulet of reflection
Stlth   +            (no ring)
HPRegen 0.24/turn    (no ring)
MPRegen 0.10/turn

%: reflection
@: no status effects
A: no striking features
a: no special abilities


You were on level 2 of the Dungeon.
You visited 1 branch of the dungeon, and saw 3 of its levels.

You collected 65 gold pieces.


   Skills:
 - Level 1.5 Fighting
 + Level 8.0 Ranged Weapons
 - Level 2.4 Dodging
 - Level 1.2 Stealth


You had 3 spell levels left.
You didn't know any spells.
Your spell library was empty.

Inventory:

Hand Weapons
 Y - a +2 shortbow (weapon)
Armour
 f - a +0 pair of gloves (worn)
 g - a +0 pair of boots (worn)
 h - a +0 ring mail (worn)
Jewellery
 d - an amulet of reflection (around neck)
Potions
 a - a potion of brilliance {unknown}
 e - 4 potions of enlightenment
 j - 2 potions of haste

Dungeon Overview and Level Annotations

Branches:
Dungeon (3/15)

Altars:


Message History

You kill the gnoll!
The orc hits you but does no damage.
Your Ranged Weapons skill increases to level 8!
You shoot an arrow. The arrow hits the orc.
The orc is almost dead.
You block the orc's attack.
You shoot an arrow. The arrow closely misses the orc.
The orc closely misses you.
You shoot an arrow. The arrow hits the orc!
You kill the orc!
You start resting.
HP restored.
Done exploring.
(D) Dungeon
Where to? (* - list waypoints, Enter - D:3, ? - help)
What level of the Dungeon? (default 1, ? - help)
You climb downwards.
The orc closely misses you. You block the orc's attack.
The gnoll completely misses you. The gnoll closely misses you.
The gnoll hits you with a +0 spear.
There is a stone staircase leading up here.
1234 ||| STAIRDANCE The orc hits you but does no damage.
The orc barely misses you. The gnoll hits you with a +0 spear.
The gnoll completely misses you. You block the gnoll's attack.
You climb upwards.
There is a stone staircase leading down here.
You shoot an arrow. The arrow hits the gnoll.
The gnoll is lightly wounded.
The gnoll closely misses you. You block the gnoll's attack.
The orc barely misses you. The gnoll barely misses you.
The orc closely misses you. The gnoll hits you but does no damage.
The gnoll hits you with a +0 flail! The orc barely misses you.
The gnoll hits you with a +0 spear. The orc hits you but does no damage.
You shoot an arrow. The arrow hits the gnoll!
The gnoll is severely wounded.
The gnoll hits you with a +0 spear. You block the gnoll's attack.
The orc hits you with a +0 club. The gnoll misses you. The orc misses you.
You shoot an arrow. The arrow barely misses the gnoll.
The gnoll hits you with a +0 spear.
You die...

........#....###.......##
......).#....##.........# #
........#....##.........# #
........#....##.........#########
........#....##..................
#.....#.##..###.........#########
#######.....# ##.......## # ##
###...###gog......# # .#
##...##.@)......# # .#
#.....g.o......# # .####
##..............##### # ....###
#.....%.............# #
......###....###............# #
#####..#...### ##...........# #
.....#.....######...###.....# ##
####.#...........(..# #.....# #.
#.:#..............#.###.....# #.


You could see 3 gnolls and 2 orcs.

Vanquished Creatures
  Jessica (D:2)
  A gnoll (D:2)
  2 adders (D:2)
  A worm (D:2)
  3 dart slugs (D:2)
  An orc (D:2)
  5 ball pythons
  6 bats
  3 endoplasms
  2 giant cockroaches (D:2)
  3 goblins (D:2)
  3 hobgoblins
  2 quokkas (D:1)
  2 frilled lizards
  3 kobolds
  10 rats
48 creatures vanquished.

Notes
Turn   | Place    | Note
-------+----------+-------------------------------------------
     0 | D:1      | qw the Deep Elf Hunter began the quest for the Orb.
     0 | D:1      | Reached XP level 1. HP: 12/12 MP: 3/3
     0 | D:1      | 0 ||| qw: Version: 0.3-a-9-g12657ce
     0 | D:1      | 0 ||| qw: Game counter: 3577
     0 | D:1      | 0 ||| qw: Always use a shield: true
     0 | D:1      | 0 ||| qw: God list: Okawaru
     0 | D:1      | 0 ||| qw: Allow faded altars: false
     0 | D:1      | 0 ||| qw: Do Orc after D:15 true
     0 | D:1      | 0 ||| qw: Do second Lair branch before Depths: true
     0 | D:1      | 0 ||| qw: Lair rune preference: random
     0 | D:1      | 0 ||| qw: Plans: Normal
     0 | D:1      | 0 ||| PLANNING D:1-11
   211 | D:1      | Reached XP level 2. HP: 16/16 MP: 4/4
   223 | D:1      | Reached skill level 6 in Ranged Weapons
   496 | D:1      | Found a faded altar of an unknown god.
   560 | D:1      | 560 ||| UPGRADING to +0 pair of gloves.
   565 | D:1      | 565 ||| DROPPING scarf of shadows.
   566 | D:1      | 566 ||| UPGRADING to +0 ring mail.
   576 | D:1      | 576 ||| DROPPING +0 leather armour.
   577 | D:1      | 577 ||| UPGRADING to amulet of reflection.
   582 | D:1      | 582 ||| READING scroll labelled QUYS YGGITRAUW.
   583 | D:1      | 583 ||| DRINKING 2 purple potions.
   584 | D:1      | 584 ||| DRINKING 2 fizzy sapphire potions.
   585 | D:1      | 585 ||| DROPPING scroll of butterflies.
   674 | D:2      | Reached XP level 3. HP: 20/20 MP: 5/5
   760 | D:2      | Reached skill level 7 in Ranged Weapons
   892 | D:2      | 892 ||| FLEEEEING.
   893 | D:2      | 893 ||| FLEEEEING.
   894 | D:2      | 894 ||| FLEEEEING.
   895 | D:2      | 895 ||| FLEEEEING.
   896 | D:2      | 896 ||| FLEEEEING.
   897 | D:2      | 897 ||| FLEEEEING.
   898 | D:2      | 898 ||| STAIRDANCE
   907 | D:1      | 907 ||| UPGRADING to +0 pair of boots.
   912 | D:1      | 912 ||| READING scroll labelled QUSHUY QIBO.
   913 | D:1      | 913 ||| READING 2 scrolls labelled TIPEUQUURO.
   914 | D:1      | 914 ||| READING scroll of enchant weapon.
   914 | D:1      | 914 ||| ENCHANTING +1 shortbow.
   915 | D:1      | 915 ||| READING scroll labelled MIRUSS LIECA.
   918 | D:2      | 918 ||| STAIRDANCE
  1044 | D:2      | Reached XP level 4. HP: 25/25 MP: 6/6
  1046 | D:2      | Noticed Jessica
  1059 | D:2      | Killed Jessica
  1112 | D:2      | 1112 ||| READING scroll labelled VITOAHISOO.
  1158 | D:2      | 1158 ||| READING scroll labelled TOCKOM NOATSE.
  1159 | D:2      | 1159 ||| READING scroll labelled KIBIED VUYPP.
  1189 | D:3      | 1189 ||| STAIRDANCE
  1193 | D:2      | Reached skill level 8 in Ranged Weapons
  1234 | D:3      | 1234 ||| STAIRDANCE
  1237 | D:2      | HP: 4/25 [orc/+0 club (4)]
  1238 | D:2      | Slain by a gnoll

Levels and vault maps discovered:
D:1:      scummos_arrival_hexagon, layout_basic,
          hellmonk_ecumenical_altar_lost_god
D:2:      layout_rooms, minmay_octomino_c4, uniq_jessica
D:3:      layout_basic, minmay_distorted

Skill      XL: |  1  2  3  4 |
---------------+-------------+-----
Ranged Weapons | 6 7 8 |  8.0
Fighting       | |  1.5
Dodging        | |  2.4
Stealth        | |  1.2

Action                     |  1- 3 |  4- 6 || total
---------------------------+-------+-------++-------
   Fire: Shortbow          |    99 |    23 ||   122
    Use: Potion            |     2 |       ||     2
         Scroll            |     5 |     3 ||     8
 Armour: Leather armour    |     2 |       ||     2
         Ring mail         |     2 |     6 ||     8
  Dodge: Dodged            |    17 |    16 ||    33
  Block: Other             |     6 |    10 ||    16
         Reflection        |     2 |       ||     2

Table legend:
 A = Non-vault XP
 B = Vault XP
 C = Vault XP percentage of total XP
 D = Non-vault monster count
 E = Vault monster count
 F = Vault count percentage of total count
                 A         B        C        D         E       F
            +---------+---------+-------+---------+---------+-------
      Total |     109 |      45 |  29.2 |      42 |       6 |  12.5
            +---------+---------+-------+---------+---------+-------
        D:1 |      22 |       2 |   8.3 |      16 |       1 |   5.9
        D:2 |      87 |      43 |  33.1 |      26 |       5 |  16.1
            +---------+---------+-------+---------+---------+-------
